[Event "Romanian-ch Women 2022"]
[Site "Eforie Nord"]
[Date "2022.02.20"]
[Round "1.1"]
[White "Bulmaga, Irina"]
[Black "Batagan, Ilinca-Petra"]
[Result "1-0"]
[ECO "B90"]
[WhiteElo "2390"]
[BlackElo "1881"]
[Annotator "ChessBase"]
[PlyCount "59"]
[EventDate "2022.02.20"]
[EventType "swiss"]
[EventCountry "ROU"]
[SourceTitle "playchess.com"]
[Source "ChessBase"]
[SourceQuality "1"]
[TimeControl "40/5400+30:900+30"]

1. e4 c5 2. Nf3 d6 3. d4 cxd4 4. Nxd4 Nf6 5. Nc3 a6 6. a4 e5 7. Nf3 Be7 8. Bc4 O-O 9. O-O Be6 10. Qe2 Qc7 11. Bb3 Nc6 12. Bg5 Rac8 13. Rfd1 Nh5 14. Be3 Nf6 15. Bg5 Nh5 16. Bd2 Nf6 17. Be1 Bg4 18. Qe3 Nd4 19. Nxd4 Bxd1 20. Ne6 fxe6 21. Bxe6+ Kh8 22. Bxc8 Qxc8 23. Rxd1 Qc6 24. Qd3 b5 25. axb5 axb5 26. Qxb5 Qxb5 27. Nxb5 Nxe4 28. f3 Rb8 29. c4 Nf6 30. Bb4 1-0

[Event "Romanian-ch Women 2022"]
[Site "Eforie Nord"]
[Date "2022.02.20"]
[Round "1.2"]
[White "Panainte, Andreea-Bianca"]
[Black "Peptan, Corina-Isabela"]
[Result "1/2-1/2"]
[ECO "B15"]
[WhiteElo "1865"]
[BlackElo "2384"]
[Annotator "ChessBase"]
[PlyCount "51"]
[EventDate "2022.02.20"]
[EventType "swiss"]
[EventCountry "ROU"]
[SourceTitle "playchess.com"]
[Source "ChessBase"]
[SourceQuality "1"]
[TimeControl "40/5400+30:900+30"]

1. e4 c6 2. d4 g6 3. Nc3 Bg7 4. Be3 d5 5. exd5 cxd5 6. Nf3 Nf6 7. Bd3 Nc6 8. O-O O-O 9. h3 Nb4 10. Ne5 Nxd3 11. Qxd3 a6 12. Qd2 b5 13. a3 Ne4 14. Nxe4 dxe4 15. Rad1 Bb7 16. Bh6 Rc8 17. Bxg7 Kxg7 18. Ng4 f5 19. Qh6+ Kg8 20. Ne5 Rxc2 21. h4 f4 22. h5 gxh5 23. Qg5+ Kh8 24. Ng6+ hxg6 25. Qh6+ Kg8 26. Qxg6+ 1/2-1/2

[Event "Romanian-ch Women 2022"]
[Site "Eforie Nord"]
[Date "2022.02.20"]
[Round "1.3"]
[White "Cosma, Elena-Luminita"]
[Black "Matasaru, Stephanie"]
[Result "1-0"]
[ECO "D11"]
[WhiteElo "2281"]
[BlackElo "1861"]
[Annotator "NA"]
[PlyCount "85"]
[EventDate "2022.02.20"]
[EventType "swiss"]
[EventCountry "ROU"]
[SourceTitle "playchess.com"]
[Source "ChessBase"]
[SourceQuality "1"]
[TimeControl "40/5400+30:900+30"]

1. d4 d5 2. Nf3 Nf6 3. g3 Bf5 4. c4 dxc4 5. Bg2 c6 6. O-O Nbd7 7. Na3 e6 (7... b5 $11) 8. Nxc4 Be7 9. Bf4 O-O (9... Be4 $14 {should be considered.}) 10. Nd6 Bxd6 11. Bxd6 Re8 12. Ne5 Nb6 13. Ba3 Qc7 14. Qb3 Nfd7 {[%emt 0:03:47] [#]} 15. e4 $1 Bg6 16. Nxg6 hxg6 17. Rac1 Rac8 18. d5 (18. Rfd1 $142) 18... c5 (18... Qe5 $142) 19. dxe6 Rxe6 20. Rfd1 Rd6 21. Bh3 (21. Re1 $142) 21... Rxd1+ 22. Rxd1 Re8 {[%emt 0:02:04] [#]} 23. Qb5 $1 Re7 ({Black should try} 23... Nf6) 24. Bg2 a6 25. Qa5 Qe5 (25... Nd5 $142 26. Qxc7 Nxc7) 26. b3 Kh7 27. Rc1 Re6 28. Qc3 Qc7 29. Qe3 ({Worse is} 29. Bxc5 Nxc5 30. b4 (30. Qxc5 $2 Rc6 $19) 30... Nba4 $11) (29. f4 $18) 29... c4 (29... Nd5 $16 30. Qe1 N5f6) 30. Qd4 Qe5 {[%emt 0:02:14] [#]} 31. Qxe5 $1 Nxe5 32. f4 Nc6 33. bxc4 Nd4 34. Kf2 Rc6 35. c5 Nc8 36. e5 Rc7 37. Ke3 Nb5 38. Bb4 Ne7 39. Ba5 Nf5+ 40. Kf2 Rd7 41. a4 Nbd4 42. Rd1 $18 Ne7 43. Bc3 1-0

[Event "Romanian-ch Women 2022"]
[Site "Eforie Nord"]
[Date "2022.02.20"]
[Round "1.4"]
[White "Didiliuc, Dariana-Gabriela"]
[Black "Sandu, Mihaela"]
[Result "0-1"]
[ECO "E73"]
[WhiteElo "1841"]
[BlackElo "2269"]
[Annotator "ChessBase"]
[PlyCount "80"]
[EventDate "2022.02.20"]
[EventType "swiss"]
[EventCountry "ROU"]
[SourceTitle "playchess.com"]
[Source "ChessBase"]
[SourceQuality "1"]
[TimeControl "40/5400+30:900+30"]

1. d4 Nf6 2. c4 g6 3. Nc3 Bg7 4. e4 d6 5. Be2 O-O 6. Be3 c5 7. e5 Nfd7 8. exd6 exd6 9. Nf3 Nc6 10. O-O Re8 11. Re1 b6 12. Nb5 Nf6 13. Bf4 Re4 14. Bg3 cxd4 15. Ng5 Re7 16. Bf3 Bd7 17. Nxd6 h6 18. Rxe7 Qxe7 19. Ngxf7 Rf8 20. Bxc6 Bxc6 21. Ne5 Qxd6 22. Nxg6 Qc5 23. Nxf8 Bxf8 24. b3 Bg7 25. f3 Nh5 26. Bf2 Nf4 27. Qd2 Qg5 28. Be1 Bxf3 29. g3 d3 30. Qxf4 Qxf4 31. gxf4 Bd4+ 32. Kf1 Be2+ 33. Kg2 Bxa1 34. Bd2 Bd4 35. f5 Kg7 36. Kg3 Be5+ 37. Kf2 h5 38. h4 Kf6 39. Bg5+ Kxf5 40. Ke3 Bf6 0-1

[Event "Romanian-ch Women 2022"]
[Site "Eforie Nord"]
[Date "2022.02.20"]
[Round "1.5"]
[White "Ciolacu, Alessia-Mihaela"]
[Black "Anghel, Maria"]
[Result "1-0"]
[ECO "D26"]
[WhiteElo "2239"]
[BlackElo "1834"]
[Annotator "ChessBase"]
[PlyCount "53"]
[EventDate "2022.02.20"]
[EventType "swiss"]
[EventCountry "ROU"]
[SourceTitle "playchess.com"]
[Source "ChessBase"]
[SourceQuality "1"]
[TimeControl "40/5400+30:900+30"]

1. d4 d5 2. c4 dxc4 3. e3 Nf6 4. Bxc4 e6 5. Nf3 a6 6. O-O c5 7. Bb3 Nc6 8. Qe2 cxd4 9. Rd1 Be7 10. exd4 O-O 11. Nc3 Nb4 12. Bg5 Nbd5 13. Ne5 h6 14. Bh4 Nxc3 15. bxc3 Nd5 16. Bxe7 Qxe7 17. Ng6 Qg5 18. Nxf8 Nf4 19. Qf3 e5 20. h4 Qxh4 21. Ng6 Qg5 22. Nxf4 exf4 23. Qd5 Qf6 24. Qe5 Qh4 25. Qe8+ Kh7 26. Bxf7 Bf5 27. Qxa8 1-0

[Event "Romanian-ch Women 2022"]
[Site "Eforie Nord"]
[Date "2022.02.20"]
[Round "1.6"]
[White "Maria, Lia-Alexandra"]
[Black "Dragomirescu, Angela"]
[Result "0-1"]
[ECO "B08"]
[WhiteElo "1832"]
[BlackElo "2167"]
[Annotator "ChessBase"]
[PlyCount "84"]
[EventDate "2022.02.20"]
[EventType "swiss"]
[EventCountry "ROU"]
[SourceTitle "playchess.com"]
[Source "ChessBase"]
[SourceQuality "1"]
[TimeControl "40/5400+30:900+30"]

1. e4 d6 2. d4 Nf6 3. Nc3 g6 4. Nf3 Bg7 5. Be2 O-O 6. O-O e6 7. h3 a6 8. a4 b6 9. Bg5 h6 10. Be3 Bb7 11. Qc1 Kh7 12. Nd2 c5 13. Rd1 Qc7 14. dxc5 bxc5 15. Nc4 Rd8 16. e5 dxe5 17. Rxd8 Qxd8 18. Bxc5 Nbd7 19. Ba3 Bc6 20. Nd6 Kg8 21. Qd2 Qc7 22. Rd1 Nb6 23. b3 Nbd5 24. Nce4 Nf4 25. Bf3 Nd7 26. Qe3 Nd5 27. Qd3 f5 28. Nc5 Qxd6 29. Nxe6 Qxe6 30. Bxd5 Qxd5 31. Qxd5+ Bxd5 32. Rxd5 Ra7 33. c4 Kf7 34. c5 Rc7 35. a5 Bf8 36. b4 Ke6 37. Rd1 Be7 38. Kf1 Nb8 39. Ke2 Nc6 40. Rd2 Rb7 41. Rb2 Nd4+ 42. Kd3 Nb5 0-1

[Event "Romanian-ch Women 2022"]
[Site "Eforie Nord"]
[Date "2022.02.20"]
[Round "1.7"]
[White "Ionescu, Irina"]
[Black "Coman, Emilia-Florentina"]
[Result "1-0"]
[ECO "B40"]
[WhiteElo "2131"]
[BlackElo "1776"]
[Annotator "ChessBase"]
[PlyCount "65"]
[EventDate "2022.02.20"]
[EventType "swiss"]
[EventCountry "ROU"]
[SourceTitle "playchess.com"]
[Source "ChessBase"]
[SourceQuality "1"]
[TimeControl "40/5400+30:900+30"]

1. e4 e6 2. d3 c5 3. Nf3 b6 4. g3 Bb7 5. Bg2 d6 6. O-O Nc6 7. c3 Nf6 8. Re1 Be7 9. a3 O-O 10. b4 Ne5 11. d4 Nxf3+ 12. Bxf3 cxd4 13. cxd4 d5 14. e5 Ne8 15. Nc3 Nc7 16. Be2 a6 17. Bd3 Ne8 18. h4 Bc8 19. Bf4 f5 20. Qd2 Kh8 21. Rec1 Bd7 22. Kg2 Nc7 23. Ne2 Rb8 24. Bg5 Bb5 25. Nf4 Bxd3 26. Qxd3 Bxg5 27. hxg5 Re8 28. Rc6 Qd7 29. Rac1 Rb7 30. a4 Kg8 31. Qc2 Re7 32. g6 hxg6 33. Nxg6 1-0

[Event "Romanian-ch Women 2022"]
[Site "Eforie Nord"]
[Date "2022.02.20"]
[Round "1.8"]
[White "Pitigoi, Sabina-Andreea"]
[Black "Cosman, Andreea-Marioara"]
[Result "1-0"]
[ECO "B36"]
[WhiteElo "1766"]
[BlackElo "2127"]
[Annotator "NA"]
[PlyCount "89"]
[EventDate "2022.02.20"]
[EventType "swiss"]
[EventCountry "ROU"]
[SourceTitle "playchess.com"]
[Source "ChessBase"]
[SourceQuality "1"]
[TimeControl "40/5400+30:900+30"]

1. d4 Nf6 2. Nf3 g6 3. c4 c5 4. Nc3 cxd4 5. Nxd4 Nc6 6. e4 Nxd4 7. Qxd4 d6 8. Be3 Bg7 9. f3 Be6 10. Be2 O-O 11. Qd2 a5 12. b3 a4 13. O-O a3 14. Rac1 Qa5 15. b4 Qxb4 16. Rb1 Qa5 17. Bb6 Qh5 (17... Qa6 $1 $14) 18. Rb5 d5 19. Nxd5 (19. cxd5 $18 Bd7 20. Rb4) 19... Nxd5 20. cxd5 Bd7 21. Rc5 $2 (21. f4 $16 Bxb5 22. Bxh5 Bxf1 23. Kxf1 gxh5 24. e5) 21... Rfc8 {[%emt 0:00:30] [#]} 22. f4 $1 Qh6 {[%emt 0:00:30] [#]} 23. Qb4 $1 g5 {[%emt 0:00:30] [#]} 24. Rxc8+ ({White should play} 24. Rc7 $1 $16 Bc3 25. Rxc3 (25. fxg5 Bxb4 26. gxh6 Rxc7 $11) 25... Rxc3 26. fxg5 (26. Qxc3 Qxb6+ 27. Rf2 Rc8 $17)) 24... Rxc8 25. Be3 Rc3 26. fxg5 Qd6 27. Qxd6 (27. Qb6 $17 {is the only way for White.} Qxb6 28. Bxb6) 27... exd6 28. Bf4 Rc2 29. Bh5 Bb5 30. Rb1 Bd4+ 31. Kh1 Rxa2 32. Bxd6 Rb2 33. Rc1 Rb1 34. Bxa3 Rxc1+ 35. Bxc1 Bd3 36. d6 Kf8 37. Ba3 Ke8 38. Bf3 b5 39. Bb4 Bb6 40. e5 Bf5 41. Bc6+ Bd7 42. Be4 Bd4 43. Bxh7 Bxe5 44. Bd3 $18 Kf8 45. Bxb5 1-0

[Event "Romanian-ch Women 2022"]
[Site "Eforie Nord"]
[Date "2022.02.20"]
[Round "1.9"]
[White "Lehaci, Miruna-Daria"]
[Black "Puia, Alexia-Teodora"]
[Result "1-0"]
[ECO "D00"]
[WhiteElo "2125"]
[BlackElo "1750"]
[Annotator "ChessBase"]
[PlyCount "79"]
[EventDate "2022.02.20"]
[EventType "swiss"]
[EventCountry "ROU"]
[SourceTitle "playchess.com"]
[Source "ChessBase"]
[SourceQuality "1"]
[TimeControl "40/5400+30:900+30"]

1. d4 d5 2. Bf4 Nf6 3. e3 c5 4. Nc3 a6 5. dxc5 e6 6. Na4 Nbd7 7. b4 e5 8. Bg5 Qc7 9. Bxf6 Nxf6 10. Nb6 Rb8 11. c4 dxc4 12. Bxc4 Be7 13. Ne2 O-O 14. Nc3 Qc6 15. O-O Bd8 16. Ncd5 Nxd5 17. Bxd5 Qb5 18. Nxc8 Rxc8 19. Qb3 Bf6 20. e4 Qd7 21. Rfd1 Qc7 22. Rd3 Rb8 23. Rad1 Rbd8 24. Rc3 h6 25. a4 Rc8 26. Rdc1 Bg5 27. R1c2 Bd8 28. g3 Qe7 29. Rd3 a5 30. bxa5 Rxc5 31. Rxc5 Qxc5 32. Qxb7 Qxa5 33. Qd7 Bf6 34. Kg2 Qb4 35. Rb3 Qd4 36. Rb7 Kh8 37. a5 Bd8 38. Rb8 Be7 39. Rxf8+ Bxf8 40. Qxf7 1-0

[Event "Romanian-ch Women 2022"]
[Site "Eforie Nord"]
[Date "2022.02.20"]
[Round "1.10"]
[White "Schiopu, Andreea-Alexandra"]
[Black "Marin, Irina-Luiza"]
[Result "0-1"]
[ECO "A37"]
[WhiteElo "1733"]
[BlackElo "2058"]
[Annotator "ChessBase"]
[PlyCount "78"]
[EventDate "2022.02.20"]
[EventType "swiss"]
[EventCountry "ROU"]
[SourceTitle "playchess.com"]
[Source "ChessBase"]
[SourceQuality "1"]
[TimeControl "40/5400+30:900+30"]

1. Nf3 g6 2. c4 Bg7 3. g3 e5 4. Nc3 d6 5. Bg2 c5 6. d3 Nc6 7. O-O Nge7 8. Rb1 O-O 9. a3 a5 10. Nd2 Rb8 11. Nd5 b5 12. cxb5 Rxb5 13. Qa4 Rb8 14. Nc4 Nxd5 15. Qxc6 Nc3 16. Ra1 Nxe2+ 17. Kh1 Be6 18. Qxd6 Bxc4 19. Qxd8 Rfxd8 20. dxc4 Nxc1 21. Raxc1 Rxb2 22. Bd5 Kf8 23. Rcd1 f5 24. Kg2 e4 25. Kg1 Bd4 26. Rb1 Rdb8 27. Rxb2 Rxb2 28. Bc6 Ke7 29. a4 Kd6 30. Be8 g5 31. Bb5 Ke5 32. Bc6 h5 33. h3 f4 34. g4 hxg4 35. hxg4 f3 36. Bd5 Kf4 37. Be6 e3 38. fxe3+ Bxe3+ 39. Kh1 Kg3 0-1

[Event "Romanian-ch Women 2022"]
[Site "Eforie Nord"]
[Date "2022.02.20"]
[Round "1.11"]
[White "Bucur, Denisa-Andreea"]
[Black "Hoanca, Alexia-Ioana"]
[Result "0-1"]
[ECO "A43"]
[WhiteElo "2023"]
[BlackElo "1710"]
[Annotator "ChessBase"]
[PlyCount "72"]
[EventDate "2022.02.20"]
[EventType "swiss"]
[EventCountry "ROU"]
[SourceTitle "playchess.com"]
[Source "ChessBase"]
[SourceQuality "1"]
[TimeControl "40/5400+30:900+30"]

1. d4 Nf6 2. Nf3 c5 3. d5 b5 4. Bg5 Qb6 5. e3 d6 6. c4 Ba6 7. Qc2 Nbd7 8. Nc3 bxc4 9. Be2 g6 10. Bxf6 exf6 11. Nd2 Bg7 12. O-O O-O 13. Nxc4 Bxc4 14. Bxc4 Ne5 15. Be2 f5 16. Rab1 Rab8 17. h3 Rb7 18. Nb5 Rfb8 19. Na3 Qd8 20. f4 Nd7 21. Nc4 Qe7 22. Qd3 Rb5 23. b3 Nb6 24. a4 Nxc4 25. axb5 Nxe3 26. Rfe1 Bd4 27. Kh1 Qh4 28. Rf1 Qg3 29. Rf2 Qxf2 30. Bf3 Qc2 31. Qxc2 Nxc2 32. Be2 Re8 33. Bd3 Nb4 34. Bc4 Bc3 35. Kh2 Re1 36. Rxe1 Bxe1 0-1

[Event "Romanian-ch Women 2022"]
[Site "Eforie Nord"]
[Date "2022.02.20"]
[Round "1.12"]
[White "Pirvan, Maria"]
[Black "Baciu, Anca-Otilia"]
[Result "0-1"]
[ECO "B98"]
[WhiteElo "1627"]
[BlackElo "2014"]
[Annotator "NA"]
[PlyCount "102"]
[EventDate "2022.02.20"]
[EventType "swiss"]
[EventCountry "ROU"]
[SourceTitle "playchess.com"]
[Source "ChessBase"]
[SourceQuality "1"]
[TimeControl "40/5400+30:900+30"]

1. e4 c5 2. Nf3 e6 3. d4 cxd4 4. Nxd4 Nf6 5. Nc3 d6 6. Bg5 Be7 7. f4 h6 8. Bh4 a6 9. Qf3 Qb6 10. O-O-O Nc6 11. Bf2 Qc7 12. g4 Nxd4 13. Bxd4 e5 14. fxe5 dxe5 15. Qg3 Bd6 (15... Nxg4 $2 16. Nd5 Bg5+ 17. Kb1 $18) ({Much less strong is} 15... Bxg4 16. Bxe5 Qc8 17. Rd3 $16) 16. Bg1 Bxg4 17. Nd5 (17. Rd3 $1 $11) 17... Nxd5 18. Rxd5 Be6 19. Qxg7 O-O-O 20. Rd3 Bb4 21. a3 $1 Ba5 22. b4 Rxd3 (22... Rhg8 $1 $11 23. Rxd8+ (23. Qxh6 Rxd3 24. Bxd3 Qc3 $15) 23... Rxd8) 23. Bxd3 Rd8 24. Kd2 Bb6 25. Bxb6 Qxb6 26. Qxe5 Qf2+ 27. Kc3 Qb6 28. Rf1 Qc6+ $16 ({Black should play} 28... Rg8 29. Rf3 Rg2) 29. Kb2 Qa4 30. Qc5+ Kb8 31. Bc4 Rc8 32. Qd6+ Ka8 33. Bb3 Bxb3 34. cxb3 Qb5 35. Rf2 Qg5 36. Rd2 Qg1 37. Rd1 Qg2+ 38. Rd2 Qxe4 39. Qxh6 Qe5+ 40. Ka2 f5 41. Qb6 Qe4 42. Qf2 f4 43. h4 f3 44. h5 Qf4 45. Rb2 Rf8 46. Rc2 Qf5 47. Rc5 Qe4 48. Rc2 Qxc2+ 49. Qxc2 f2 50. h6 f1=Q 51. h7 Qf2 0-1

[Event "Romanian-ch Women 2022"]
[Site "Eforie Nord"]
[Date "2022.02.21"]
[Round "2.1"]
[White "Marin, Irina-Luiza"]
[Black "Bulmaga, Irina"]
[Result "0-1"]
[ECO "A36"]
[WhiteElo "2058"]
[BlackElo "2390"]
[Annotator "ChessBase"]
[PlyCount "84"]
[EventDate "2022.02.20"]
[EventType "swiss"]
[EventCountry "ROU"]
[SourceTitle "playchess.com"]
[Source "ChessBase"]
[SourceQuality "1"]
[TimeControl "40/5400+30:900+30"]

1. c4 c5 2. g3 g6 3. Bg2 Bg7 4. Nc3 Nc6 5. e4 d6 6. Nge2 Nf6 7. d3 a6 8. O-O O-O 9. h3 Rb8 10. a4 Ne8 11. Be3 b5 12. cxb5 axb5 13. Nxb5 Nc7 14. Nec3 Nxb5 15. Nxb5 Ba6 16. f4 Bxb5 17. axb5 Nd4 18. Rf2 Rxb5 19. Ra7 Qb8 20. Qa1 Nc6 21. Ra2 Rb3 22. e5 Rxd3 23. Re2 Nd4 24. Bxd4 Rxd4 25. Ra8 Qb5 26. Rxf8+ Bxf8 27. Qe1 dxe5 28. fxe5 e6 29. Kh2 h5 30. Qf2 Bg7 31. Qe3 Rd3 32. Qe4 Rd5 33. Qf3 h4 34. gxh4 Bxe5+ 35. Kg1 Bxb2 36. Rf2 Rf5 37. Qa8+ Kg7 38. Rxf5 gxf5 39. Qd8 Bd4+ 40. Kh2 Be5+ 41. Kg1 Qb1+ 42. Kf2 Bd4+ 0-1

[Event "Romanian-ch Women 2022"]
[Site "Eforie Nord"]
[Date "2022.02.21"]
[Round "2.2"]
[White "Baciu, Anca-Otilia"]
[Black "Cosma, Elena-Luminita"]
[Result "1/2-1/2"]
[ECO "C07"]
[WhiteElo "2014"]
[BlackElo "2281"]
[Annotator "ChessBase"]
[PlyCount "44"]
[EventDate "2022.02.20"]
[EventType "swiss"]
[EventCountry "ROU"]
[SourceTitle "playchess.com"]
[Source "ChessBase"]
[SourceQuality "1"]
[TimeControl "40/5400+30:900+30"]

1. e4 e6 2. d4 d5 3. Nd2 c5 4. exd5 Qxd5 5. Ngf3 cxd4 6. Bc4 Qd6 7. O-O Nf6 8. Nb3 Nc6 9. Nbxd4 Nxd4 10. Nxd4 Be7 11. b3 O-O 12. Bb2 Qf4 13. Qf3 Qxf3 14. Nxf3 b6 15. Rad1 Bb7 16. Ne5 Rad8 17. Bb5 Rxd1 18. Rxd1 Rc8 19. c4 h6 20. Kf1 a6 21. Ba4 Bc5 22. f3 Ba8 1/2-1/2

[Event "Romanian-ch Women 2022"]
[Site "Eforie Nord"]
[Date "2022.02.21"]
[Round "2.3"]
[White "Sandu, Mihaela"]
[Black "Obada, Ema"]
[Result "1-0"]
[ECO "C06"]
[WhiteElo "2269"]
[BlackElo "2010"]
[Annotator "ChessBase"]
[PlyCount "91"]
[EventDate "2022.02.20"]
[EventType "swiss"]
[EventCountry "ROU"]
[SourceTitle "playchess.com"]
[Source "ChessBase"]
[SourceQuality "1"]
[TimeControl "40/5400+30:900+30"]

1. e4 e6 2. d4 d5 3. Nd2 Nf6 4. e5 Nfd7 5. Bd3 c5 6. c3 Nc6 7. Ne2 cxd4 8. cxd4 f6 9. exf6 Nxf6 10. Nf3 Bd6 11. O-O Qc7 12. Bg5 O-O 13. Bh4 Nh5 14. Qc2 h6 15. Bh7+ Kh8 16. Bg6 Rxf3 17. Bxh5 Rf8 18. Bg3 Bd7 19. Qd2 Rac8 20. Rac1 Qb8 21. Rc3 Ne7 22. Rxc8 Bxc8 23. Re1 Bd7 24. Nc3 b5 25. Bg4 b4 26. Ne2 Nc6 27. Nc1 Bf4 28. Qd1 Qd6 29. Nd3 Bxg3 30. hxg3 Re8 31. Nf4 Kg8 32. Bh5 Rf8 33. Ng6 Rf5 34. Bg4 Rg5 35. Nh4 Nxd4 36. f4 Rxg4 37. Qxg4 Nc2 38. Rc1 Ne3 39. Qe2 Nc4 40. b3 Qb6+ 41. Qf2 Nd2 42. Qxb6 axb6 43. Rc7 Bb5 44. Nf3 Ne4 45. Nd4 Nc3 46. Nxe6 1-0

[Event "Romanian-ch Women 2022"]
[Site "Eforie Nord"]
[Date "2022.02.21"]
[Round "2.4"]
[White "Nikanova, Ekaterina"]
[Black "Ciolacu, Alessia-Mihaela"]
[Result "0-1"]
[ECO "C54"]
[WhiteElo "1935"]
[BlackElo "2239"]
[Annotator "ChessBase"]
[PlyCount "74"]
[EventDate "2022.02.20"]
[EventType "swiss"]
[EventCountry "ROU"]
[SourceTitle "playchess.com"]
[Source "ChessBase"]
[SourceQuality "1"]
[TimeControl "40/5400+30:900+30"]

1. e4 e5 2. Nf3 Nc6 3. Bc4 Bc5 4. d3 Nf6 5. c3 a6 6. Bb3 d6 7. Qe2 O-O 8. h3 Be6 9. Bc2 h6 10. Nbd2 d5 11. Nf1 Re8 12. g4 b5 13. Ne3 d4 14. Nf5 Bxf5 15. gxf5 dxc3 16. bxc3 b4 17. Ba4 Qd6 18. Nd2 Nd7 19. Nc4 Qf6 20. Bxc6 Qxc6 21. Bd2 bxc3 22. Bxc3 Nb6 23. Nxb6 cxb6 24. Qb2 Rad8 25. Qd2 Rc8 26. Bb2 Qa4 27. a3 Be7 28. O-O Bg5 29. Qb4 Qc2 30. Rad1 b5 31. Ba1 Qe2 32. Kg2 Rc2 33. Qe1 Qh5 34. Qa5 Bf4 35. Qxa6 Qg5+ 36. Kf3 Qh4 37. Kg2 Qg3+ 0-1

[Event "Romanian-ch Women 2022"]
[Site "Eforie Nord"]
[Date "2022.02.21"]
[Round "2.5"]
[White "Dragomirescu, Angela"]
[Black "Pitigoi, Sabina-Andreea"]
[Result "0-1"]
[ECO "A12"]
[WhiteElo "2167"]
[BlackElo "1766"]
[Annotator "ChessBase"]
[PlyCount "76"]
[EventDate "2022.02.20"]
[EventType "swiss"]
[EventCountry "ROU"]
[SourceTitle "playchess.com"]
[Source "ChessBase"]
[SourceQuality "1"]
[TimeControl "40/5400+30:900+30"]

1. Nf3 d5 2. g3 Bg4 3. Bg2 Nf6 4. c4 c6 5. O-O e6 6. b3 Bd6 7. Bb2 O-O 8. d3 Qe7 9. Nbd2 e5 10. h3 Bh5 11. Nh4 Bg6 12. Nxg6 hxg6 13. e3 Nbd7 14. Qc2 Ba3 15. Bxa3 Qxa3 16. cxd5 cxd5 17. Rfc1 Rac8 18. Qxc8 Rxc8 19. Rxc8+ Nf8 20. Rc2 Ne6 21. Nf3 Nd7 22. h4 f5 23. Ng5 Nxg5 24. Bxd5+ Nf7 25. Rc8+ Nf8 26. Rc7 Qd6 27. Bxf7+ Kh7 28. Rac1 Qxd3 29. Rc8 Qd2 30. R8c2 Qd7 31. Bc4 f4 32. exf4 exf4 33. Re2 b5 34. Rec2 bxc4 35. bxc4 Ne6 36. c5 Nd4 37. Rb2 Qh3 38. Rc3 f3 0-1

[Event "Romanian-ch Women 2022"]
[Site "Eforie Nord"]
[Date "2022.02.21"]
[Round "2.6"]
[White "Hoanca, Alexia-Ioana"]
[Black "Ionescu, Irina"]
[Result "1-0"]
[ECO "B07"]
[WhiteElo "1710"]
[BlackElo "2131"]
[Annotator "ChessBase"]
[PlyCount "77"]
[EventDate "2022.02.20"]
[EventType "swiss"]
[EventCountry "ROU"]
[SourceTitle "playchess.com"]
[Source "ChessBase"]
[SourceQuality "1"]
[TimeControl "40/5400+30:900+30"]

1. e4 d6 2. d4 Nf6 3. Nc3 g6 4. h3 Bg7 5. Be3 c6 6. a4 a5 7. g4 Na6 8. Bg2 Qc7 9. Nge2 e5 10. O-O Bd7 11. Qd2 O-O-O 12. d5 Nc5 13. dxc6 Bxc6 14. f3 b6 15. Nd5 Nxd5 16. exd5 Bb7 17. b4 axb4 18. Qxb4 Ba6 19. a5 b5 20. Ra3 Kd7 21. f4 e4 22. f5 f6 23. Nd4 Qb7 24. Ne6 Nxe6 25. fxe6+ Ke7 26. Bxe4 Rc8 27. Bf4 Rhd8 28. Rff3 Rc4 29. Qe1 b4 30. Rae3 Qa7 31. Kg2 Rdc8 32. Bd3 Rc3 33. Bxd6+ Kxd6 34. e7 Bxd3 35. e8=Q Rxe8 36. Rxe8 Rxc2+ 37. Kg3 Re2 38. Qxb4+ Kxd5 39. Rxd3+ 1-0

[Event "Romanian-ch Women 2022"]
[Site "Eforie Nord"]
[Date "2022.02.21"]
[Round "2.7"]
[White "Czika, Stefania"]
[Black "Lehaci, Miruna-Daria"]
[Result "0-1"]
[ECO "E43"]
[WhiteElo "1259"]
[BlackElo "2125"]
[Annotator "ChessBase"]
[PlyCount "40"]
[EventDate "2022.02.20"]
[EventType "swiss"]
[EventCountry "ROU"]
[SourceTitle "playchess.com"]
[Source "ChessBase"]
[SourceQuality "1"]
[TimeControl "40/5400+30:900+30"]

1. d4 e6 2. c4 Nf6 3. Nc3 Bb4 4. Nf3 c5 5. e3 O-O 6. Bd3 b6 7. O-O Bb7 8. Bd2 cxd4 9. exd4 Be7 10. Qe2 Na6 11. Ne4 Nc7 12. Bg5 Nce8 13. Ne5 d6 14. Ng4 Nxg4 15. Bxe7 Qxe7 16. h3 Ngf6 17. Rac1 Nxe4 18. Bxe4 Bxe4 19. Qxe4 Nf6 20. Rfe1 Nxe4 0-1

[Event "Romanian-ch Women 2022"]
[Site "Eforie Nord"]
[Date "2022.02.21"]
[Round "2.8"]
[White "Peptan, Corina-Isabela"]
[Black "Petculescu, Diana-Silvana"]
[Result "1-0"]
[ECO "E51"]
[WhiteElo "2384"]
[BlackElo "1402"]
[Annotator "ChessBase"]
[PlyCount "43"]
[EventDate "2022.02.20"]
[EventType "swiss"]
[EventCountry "ROU"]
[SourceTitle "playchess.com"]
[Source "ChessBase"]
[SourceQuality "1"]
[TimeControl "40/5400+30:900+30"]

1. d4 Nf6 2. c4 e6 3. Nf3 b6 4. Nc3 Bb4 5. Bd2 O-O 6. e3 Bb7 7. Be2 d5 8. a3 Be7 9. cxd5 Nxd5 10. O-O Nd7 11. Qc2 c5 12. Rac1 Rc8 13. Nxd5 Bxd5 14. Ba6 Rb8 15. e4 Bb7 16. Bxb7 Rxb7 17. Bf4 cxd4 18. Nxd4 Nc5 19. Rfd1 Qe8 20. b4 Qa4 21. bxc5 Qxa3 22. c6 1-0

[Event "Romanian-ch Women 2022"]
[Site "Eforie Nord"]
[Date "2022.02.21"]
[Round "2.9"]
[White "Trifoi, Mihaela-Ioana"]
[Black "Lolici, Iselin-Amanda"]
[Result "1-0"]
[ECO "B30"]
[WhiteElo "1893"]
[BlackElo "1907"]
[Annotator "ChessBase"]
[PlyCount "69"]
[EventDate "2022.02.20"]
[EventType "swiss"]
[EventCountry "ROU"]
[SourceTitle "playchess.com"]
[Source "ChessBase"]
[SourceQuality "1"]
[TimeControl "40/5400+30:900+30"]

1. e4 c5 2. Nf3 Nc6 3. Bb5 Qb6 4. Ba4 e6 5. c3 Nge7 6. O-O d5 7. e5 d4 8. Na3 Nf5 9. Bc2 Be7 10. Be4 O-O 11. d3 a6 12. Nc4 Qc7 13. a4 Na5 14. Nxa5 Qxa5 15. Bd2 Qb6 16. Ra2 Bd7 17. g4 Nh6 18. Ng5 Bc6 19. Bxh7+ Kh8 20. Be4 Bxe4 21. Nxe4 Qc7 22. f4 Rad8 23. c4 Rb8 24. Rf3 Nxg4 25. Rh3+ Nh6 26. Qh5 f5 27. exf6 Bxf6 28. f5 Qf7 29. Bxh6 Qxh5 30. Rxh5 gxh6 31. Rxh6+ Kg7 32. Rg6+ Kf7 33. Rxf6+ Kg7 34. Rxf8 Kxf8 35. fxe6 1-0

[Event "Romanian-ch Women 2022"]
[Site "Eforie Nord"]
[Date "2022.02.21"]
[Round "2.10"]
[White "Criveanu, Maria"]
[Black "Panainte, Andreea-Bianca"]
[Result "0-1"]
[ECO "C02"]
[WhiteElo "1503"]
[BlackElo "1865"]
[Annotator "NA"]
[PlyCount "66"]
[EventDate "2022.02.20"]
[EventType "swiss"]
[EventCountry "ROU"]
[SourceTitle "playchess.com"]
[Source "ChessBase"]
[SourceQuality "1"]
[TimeControl "40/5400+30:900+30"]

1. e4 e6 2. d4 d5 3. e5 c5 4. c3 Nc6 5. Nf3 Qb6 6. Be2 Bd7 7. a3 Nh6 8. Bxh6 gxh6 9. Qd2 Na5 10. dxc5 Bxc5 11. b4 Bxf2+ 12. Kf1 Nb3 13. Qb2 Nxa1 14. Qxa1 Be3 15. Nd4 (15. c4 $142) 15... Rc8 16. Qb2 Qc7 17. Nf3 Bf4 18. c4 dxc4 19. Qc3 Bc6 20. Nbd2 b5 21. g3 Bxd2 22. Qxd2 Bxf3 23. Bxf3 Qxe5 24. Kg2 O-O 25. Re1 Qg5 26. Qc3 Rfd8 27. Re3 Rd6 28. h4 Qg7 29. Qc1 Rcd8 30. Re4 Rd2+ ({And not} 30... Rd3 31. Rg4 Rd2+ 32. Kh3 $11) 31. Kh3 Qb2 $19 ({Weaker is} 31... R8d3 32. Rg4 $17) 32. Qe1 Rh2+ 33. Kg4 f5+ 0-1